 Dungeon Crawl Stone Soup version 0.26.0-20-g3ca415f5b8 (webtiles) character file.

Game seed: 1183673455605746635

1322 kaeus the Firebug (level 8, -5/41 HPs)
             Began as a Gargoyle Fire Elementalist on Jan 24, 2021.
             Killed by divine providence
             ... invoked by an orc priest
              (14 damage)
             ... on level 4 of the Dungeon.
             The game lasted 00:04:42 (5858 turns).

kaeus the Firebug (Gargoyle Fire Elementalist)      Turns: 5858, Time: 00:04:42

Health: -5/41      AC: 10    Str: 12    XL:     8   Next: 59%
Magic:  12/14      EV: 11    Int: 18    God:
Gold:   309        SH:  0    Dex: 10    Spells: 14/15 levels left

rFire    . . .     SeeInvis .   g - +0 dagger (venom)
rCold    . . .     Faith    .   (no shield)
rNeg     + . .     Spirit   .   d - +0 leather armour (curse)
rPois    ∞         Reflect  .   f - +0 hat
rElec    +         Harm     .   (no cloak)
rCorr    .         Rampage  .   c - +0 pair of gloves
Will     .....                  h - +0 pair of boots
Stlth    ++........             (no amulet)
HPRegen  0.13/turn              (no ring)
MPRegen  0.14/turn              (no ring)

@: no status effects
A: negative energy resistance 1, electricity resistance, unbreathing,
petrification resistance, miasma immunity, AC +5
a: no special abilities


You were on level 4 of the Dungeon.
You visited 2 branches of the dungeon, and saw 5 of its levels.
You also visited: Sewer.

You collected 309 gold pieces.

Inventory:

Hand Weapons
 g - a +0 dagger of venom (weapon)
Armour
 c - a +0 pair of gloves (worn)
 d - a cursed +0 leather armour (worn)
 f - a +0 hat (worn)
 h - a +0 pair of boots (worn)
Wands
 l - a wand of enslavement (6)
 v - a wand of paralysis (7)
Scrolls
 a - a scroll of blinking {unknown}
 b - 4 scrolls of teleportation {unknown}
 e - 4 scrolls of remove curse {unknown}
 j - 2 scrolls of noise {unknown}
 k - 7 scrolls of identify {unknown}
 t - a scroll of immolation {unknown}
 u - a scroll of random uselessness {unknown}
 x - a scroll of enchant armour {unknown}
Potions
 i - 4 potions of curing {unknown}
 m - a potion of haste {unknown}
 n - a potion of invisibility {unknown}
 o - 2 potions of degeneration {unknown}
 p - 9 potions of heal wounds {unknown}
 q - 3 potions of flight {unknown}
 r - 2 potions of might {unknown}
 s - a potion of brilliance {unknown}
 w - a potion of mutation {unknown}
 z - a potion of berserk rage {unknown}


   Skills:
 - Level 1.5 Dodging
 - Level 2.1 Stealth
 + Level 4.4 Spellcasting
 * Level 7.1 Conjurations
 * Level 7.1 Fire Magic


You had 14 spell levels left.
You knew the following spells:

 Your Spells              Type           Power        Failure   Level
a - Foxfire               Conj/Fire      100%         1%          1

Your spell library contained the following spells:

 Spells                   Type           Power        Failure   Level
 Conjure Flame            Conj/Fire      29%          2%          3
 Sticky Flame             Conj/Fire      29%          10%         4
 Inner Flame              Hex/Fire       16%          12%         3
 Fireball                 Conj/Fire      14%          26%         5


Dungeon Overview and Level Annotations

Branches:
Dungeon (4/15)             Temple (1/1) D:4           Sewer (visited)

Altars:
Ashenzari
Cheibriados
Elyvilon
Fedhas
Gozag
Hepliaklqana
Kikubaaqudgha
Nemelex Xobeh
Okawaru
Qazlal
Ru
Sif Muna
Uskayaw
Xom
Yredelemnul
Zin
Lugonu

Annotations:
D:3 2 transporters, gchao's ghost, amateur MiFi


Innate Abilities, Weirdness & Mutations

You are resistant to torment.
Your stone body is resilient. (AC +5)
You are immune to poison.
You resist negative energy. (rN+)
You are resistant to electric shocks. (rElec)
You can survive without breathing.
You are immune to petrification.
You are immune to miasma.


Message History

The foxfire hits the orc priest.
The orc priest is heavily wounded.
The orc priest mumbles some strange prayers to Beogh against you.
Beogh smites you!
There are monsters nearby!
You take 15 damage, and have 26/41 hp.
MASSIVE DAMAGE!!
You barely miss the orc priest.
The orc priest is heavily wounded.
There are monsters nearby!
You hit the orc priest.
The orc priest is heavily wounded.
The orc priest hits you with a +0 flail.
There are monsters nearby!
You take 5 damage, and have 21/41 hp.
The orc priest mumbles some strange prayers to Beogh against you.
Beogh smites you!
* * * LOW HITPOINT WARNING * * *
The orc priest invokes the aid of Beogh against you.
Beogh smites you!
You die...

#....#
#....#
#....#
##...#
#...#
###...#
####'....#
#...#....#
#...#.@..#
#...##oo.#
#...##'###
#...#.o.
######.o.
#...#
+!..#
#...#
#...#


You could see 2 orc priests and 2 orc wizards.

Vanquished Creatures
  Grinder (D:4)
  Menkaure (D:4)
  A phantom (D:4)
  An ogre (D:4)
  A centaur (D:4)
  5 big kobolds (Sewer)
  A hound (D:3)
  An iguana (D:4)
  Ijyb (D:3)
  A hound skeleton (D:4)
  4 gnolls (D:4)
  8 adders
  8 river rats (Sewer)
  An ooze (D:1)
  A worm (D:2)
  A dart slug (D:1)
  3 leopard geckos
  4 orcs (D:4)
  7 giant cockroaches
  10 hobgoblins
  4 jackals (D:2)
  3 quokkas
  6 ball pythons
  10 bats
  7 frilled lizards
  10 goblins
  23 kobolds
  A quokka skeleton (D:4)
  18 rats
143 creatures vanquished.

Vanquished Creatures (others)
  420 foxfires
420 creatures vanquished.

Grand Total: 563 creatures vanquished

Notes
Turn   | Place    | Note
-------+----------+-------------------------------------------
     0 | D:1      | kaeus the Gargoyle Fire Elementalist began the quest for
                  | the Orb.
     0 | D:1      | Reached XP level 1. HP: 10/10 MP: 3/3
   423 | D:1      | Reached XP level 2. HP: 15/15 MP: 0/5
   653 | D:1      | Reached XP level 3. HP: 17/19 MP: 1/6
   989 | D:1      | Found a sparkling altar of Nemelex Xobeh.
  1202 | D:2      | Reached XP level 4. HP: 24/24 MP: 2/7
  1219 | D:2      | Found a faded altar of an unknown god.
  2082 | D:2      | Found an opulent altar of Gozag.
  2140 | D:3      | Found a glowing drain.
  2157 | D:3      | Found a transporter.
  2182 | Sewer    | Entered a sewer
  2285 | Sewer    | Noticed a big kobold
  2295 | Sewer    | Killed a big kobold
  2296 | Sewer    | Reached XP level 5. HP: 25/28 MP: 5/9
  2701 | Sewer    | Reached XP level 6. HP: 32/32 MP: 2/10
  2857 | Sewer    | Reached skill level 5 in Fire Magic
  3263 | Sewer    | Reached skill level 5 in Conjurations
  3263 | Sewer    | Reached XP level 7. HP: 35/36 MP: 5/12
  3589 | D:3      | Noticed a +0 hand axe
  3592 | D:3      | Noticed a +0 dagger
  3606 | D:3      | Found a hide-covered altar of Uskayaw.
  3672 | D:3      | Noticed gchao's ghost (amateur MiFi)
  3675 | D:3      | Found a transporter.
  3722 | D:3      | Noticed Ijyb
  3730 | D:3      | Killed Ijyb
  4617 | D:4      | Found a staircase to the Ecumenical Temple.
  4762 | Temple   | Entered the Ecumenical Temple
  5126 | D:4      | Found a basalt altar of Yredelemnul.
  5126 | D:4      | Found a hazy altar of Hepliaklqana.
  5131 | D:4      | Found a sacrificial altar of Ru.
  5133 | D:4      | Found a faded altar of an unknown god.
  5135 | D:4      | Found an ancient bone altar of Kikubaaqudgha.
  5210 | D:4      | Noticed Grinder
  5231 | D:4      | Killed Grinder
  5232 | D:4      | Reached XP level 8. HP: 41/41 MP: 1/14
  5567 | D:4      | Noticed Menkaure
  5572 | D:4      | Killed Menkaure
  5858 | D:4      | Killed from afar by an orc priest

Illustrated notes

Levels and vault maps discovered:
D:1:      ncdulo_wetmaze, layout_rooms, minmay_strange_pillars,
          nemelex_altar_shiori
D:2:      layout_basic, grunt_gozag_statues, chequers_ecumenical_altar_island
D:3:      layout_basic, dancing_weapons_uskayaw, gup_sewer_entry_glass,
          gammafunk_ghost_mausoleum, serial_rivers,
          chequers_serial_rivers_large_b, chequers_serial_rivers_small_b,
          chequers_serial_rivers_micro_a, chequers_serial_rivers_large_a,
          chequers_serial_rivers_room_b, uniq_ijyb
D:4:      layout_gridville, minmay_overflow_temple_star_hex,
          chequers_temple_overflow_minitemple, minmay_temple_entry_mist,
          uniq_menkaure, uniq_grinder
Temple:   corrupted_temple

Skill      XL: |  1  2  3  4  5  6  7  8 |
---------------+-------------------------+-----
Conjurations   | 2 3 4 5 6 7 |  7.1
Fire Magic     | 4 5 6 7 |  7.1
Spellcasting   | 3 4 |  4.4
Dodging        | |  1.5
Stealth        | |  2.1

Action                   |  1- 3 |  4- 6 |  7- 9 || total
-------------------------+-------+-------+-------++-------
Melee: Unarmed           |     5 |       |       ||     5
       Club              |    14 |       |       ||    14
       Dagger            |    33 |    89 |    64 ||   186
 Cast: Foxfire           |    43 |   111 |   122 ||   276
Armor: Robe              |     2 |       |       ||     2
       Leather armour    |    21 |    52 |    32 ||   105
Dodge: Dodged            |    37 |    75 |    36 ||   148
